 Dungeon Crawl Stone Soup version 0.30-a0-557-ge2afbf3030 (webtiles) character file.

Game seed: 3745860299907082865

10766 jfcaron the Covert (level 11, 0/77 HPs)
             Began as a Gnoll Brigand on Dec 27, 2022.
             Was a Priest of Hepliaklqana.
             Splashed by a brown ugly thing's acid (4 damage)
             ... on level 10 of the Dungeon on Dec 28, 2022.
             The game lasted 00:28:36 (8692 turns).

jfcaron the Covert (Gnoll Brigand)                  Turns: 8692, Time: 00:28:37

Health: 0/77       AC: 13    Str: 13    XL:     11   Next: 67%
Magic:  21/21      EV: 16    Int: 12    God:    Hepliaklqana [***...]
Gold:   721        SH:  6    Dex: 18    Spells: 23/23 levels left

rFire   . . .      SeeInvis +    b - +4 falchion "Zuyvva" {venom, rC++ Dex+4 SInv}
rCold   + + .      Faith    .    l - +0 buckler
rNeg    . . .      Spirit   .    A - +0 steam dragon scales
rPois   +          Reflect  .    k - +2 hat
rElec   .          Harm     .    i - +2 cloak {rPois}
rCorr   +          Rampage  .    (no gloves)
Will    .....                    r - +0 pair of boots
Stlth   +++++                    L - amulet of regeneration
HPRegen 1.12/turn                g - +4 ring of protection
MPRegen 0.17/turn                J - ring of resist corrosion

@: corroded
A: reduced essence, fangs 1, strong nose, distributed training
a: Renounce Religion, Recall Ancestor, Ancestor Identity, Transference


You were on level 10 of the Dungeon.
You worshipped Hepliaklqana.
Hepliaklqana was most pleased with you.
You visited 2 branches of the dungeon, and saw 12 of its levels.

You collected 721 gold pieces.

Inventory:

Hand Weapons
 a - the +5 dagger "Tormentor" {spect, Dex+4}
   (You found it on level 2 of the Dungeon)

   When its wielder attacks, the weapon's spirit leaps out and strikes again.
   The spirit shares a part of any damage it takes with its wielder.
   Dex:       It affects your dexterity (+4).
 b - the +4 falchion "Zuyvva" (weapon) {venom, rC++ Dex+4 SInv}
   (You took it off a kobold on level 9 of the Dungeon)

   It poisons the flesh of those it strikes.
   Dex:       It affects your dexterity (+4).
   rC:        It greatly protects you from cold.
   SInv:      It lets you see invisible.
 p - the +2 mace of Melee {freeze, Int+2}
   (You found it on level 2 of the Dungeon)

   It freezes those it strikes, dealing additional cold damage.
   It can also slow down cold-blooded creatures.
   Int:       It affects your intelligence (+2).
 v - a +5 flail
 y - the +4 flail of the Girdle {freeze, *Corrode rF++ Dex+4}
   (You found it on level 4 of the Dungeon)

   It freezes those it strikes, dealing additional cold damage.
   It can also slow down cold-blooded creatures.
   Dex:       It affects your dexterity (+4).
   rF:        It greatly protects you from fire.
   *Corrode:  It may corrode you when you take damage.
 D - a +0 rapier of draining
   (You took it off Duvessa on level 7 of the Dungeon)
Missiles
 e - a curare-tipped dart {!f}
 f - 11 javelins
 w - 4 stones (quivered)
 z - 6 poisoned darts
 C - 3 throwing nets {!f}
Armour
 i - a +2 cloak of poison resistance (worn)
   (You found it on level 3 of the Dungeon)
 k - a +2 hat (worn)
 l - a +0 buckler (worn)
 o - a +2 robe of fire resistance
   (You took it off an orc wizard on level 5 of the Dungeon)
 r - a +0 pair of boots (worn)
 s - a +0 robe of cold resistance
   (You took it off a wight on level 7 of the Dungeon)
 u - the +0 chain mail of the Dwarven Hall {rF++ Will+ Str-4}
   (You found it on level 2 of the Dungeon)

   Str:       It affects your strength (-4).
   rF:        It greatly protects you from fire.
   Will:      It increases your willpower.
 A - +0 steam dragon scales (worn)
Magical Staves
 x - a staff of death
   (You found it on level 3 of the Dungeon)
Jewellery
 g - a +4 ring of protection (left hand)
   (You found it on level 3 of the Dungeon)
 J - a ring of resist corrosion (right hand)
 L - an amulet of regeneration (around neck)
   (You found it on level 7 of the Dungeon)
Wands
 B - a wand of polymorph (6)
 G - a wand of digging (9)
   (You found it on level 6 of the Dungeon)
 H - a wand of roots (9)
 Q - a wand of flame (19)
Scrolls
 K - a scroll of acquirement
 N - 3 scrolls of teleportation
 O - a scroll of fear
 P - a scroll of enchant armour
Potions
 c - 2 potions of brilliance
 d - 3 potions of degeneration
 h - a potion of resistance
 j - 2 potions of berserk rage
 m - 2 potions of flight
 n - 3 potions of heal wounds
 q - 2 potions of curing
 t - a potion of attraction
 E - a potion of mutation
 F - 3 potions of magic
 I - a potion of cancellation {unknown}
 M - 2 potions of haste


   Skills:
 + Level 8.2 Fighting
 + Level 8.2 Short Blades
 + Level 6.7 Long Blades
 + Level 6.7 Axes
 + Level 6.7 Maces & Flails
 + Level 6.7 Polearms
 + Level 6.7 Staves
 + Level 6.7 Ranged Weapons
 + Level 8.2 Throwing
 + Level 6.7 Armour
 + Level 7.3 Dodging
 + Level 10.3 Stealth
 + Level 6.7 Shields
 + Level 6.7 Unarmed Combat
 + Level 6.7 Spellcasting
 + Level 5.6 Conjurations
 + Level 5.6 Hexes
 + Level 5.6 Summonings
 + Level 5.6 Necromancy
 + Level 5.6 Translocations
 + Level 5.6 Transmutations
 + Level 5.6 Fire Magic
 + Level 5.6 Ice Magic
 + Level 5.6 Air Magic
 + Level 5.6 Earth Magic
 + Level 5.6 Poison Magic
 + Level 7.4 Invocations
 + Level 6.7 Evocations


You had 23 spell levels left.
You didn't know any spells.
Your spell library contained the following spells:

 Spells                   Type           Power      Damage    Failure   Level
 Animate Armour           Summ/Erth      34%        N/A       22%         4
 Summon Ice Beast         Ice/Summ       17%        N/A       22%         4
 Blade Hands              Tmut           8%         N/A       52%         5
 Summon Mana Viper        Hex/Summ       17%        N/A       52%         5
 Iron Shot                Conj/Erth      8%         9d3       97%         6
 Monstrous Menagerie      Summ           8%         N/A       100%        7


Dungeon Overview and Level Annotations

Branches:
Dungeon (11/15)            Temple (1/1) D:5            Lair (0/5) D:9
    Orc (0/2) D:10

Altars:
Ashenzari
Cheibriados
Dithmenos
Elyvilon
Fedhas
Gozag
Hepliaklqana
Kikubaaqudgha
Makhleb
Nemelex Xobeh
Okawaru
Qazlal
Ru
Sif Muna
Trog
Uskayaw
Vehumet
Wu Jian
Xom
Yredelemnul
Zin
The Shining One

Annotations:
D:9 3 runed translucent doors, exclusion: hydra, SirDiesAlot's ghost, journeyman DEVM


Innate Abilities, Weirdness & Mutations

Your life essence is reduced to manifest your ancestor. (-10% HP)
You have very sharp teeth.
Your uncanny sense of smell can sniff out nearby items.
Your experience applies equally to all skills.


Message History

The grasping roots constrict the boggart!
The grasping roots constrict the gnoll sergeant!
You kill the gnoll sergeant!
The grasping roots constrict the two-headed ogre!
You kill the two-headed ogre!
The grasping roots constrict the brown ugly thing!
The roots release their grip on the boggart.
The roots release their grip on the brown ugly thing.
The centaur hits you but does no damage.
You block the centaur's attack.
A troll comes into view.
The troll bites you. The troll claws you.
* * * LOW HITPOINT WARNING * * *
The troll misses you. The centaur attacks as you move away!
The centaur misses you. The centaur closely misses you.
The brown ugly thing attacks as you move away!
The brown ugly thing bites you but does no damage.
A gargoyle comes into view. It is wielding a +0 flail.
The centaur wields a +0 shortbow.
The centaur shoots an arrow.
The arrow completely misses you. You block the troll's attack.
The troll closely misses you. The troll completely misses you.
Aiming: Fastroot
Press: ? - help, Shift-Dir - straight line, p - brown ugly thing The roots erupt in riotous growth!
Roots grab the boggart.
Roots grab the centaur.
Roots grab the brown ugly thing.
The grasping roots constrict the boggart!
You kill the boggart!
The grasping roots constrict the centaur.
The grasping roots constrict the brown ugly thing.
You hear a shout!
The centaur shoots an arrow.
The arrow barely misses you.
The troll closely misses you. x2; The troll claws you!
* * * LOW HITPOINT WARNING * * *
The centaur shoots an arrow.
The arrow barely misses you.
The arrow misses the troll.
The brown ugly thing bites you!
* * * LOW HITPOINT WARNING * * *
You are splashed with acid.
You resist.
You die...

.........#####.......##......##
...........# #.......##.....)##
..#####...[# #.......##......##
.#####....# #...............##
#.#.#.#...# #...............##
.#.#.#.#### #...............#
.#.#.#.#.# #...............#
#.#.#.#.######..T^...........##
.#.#.#.#......@9...............
#.#.#.#.....cuT.#..............
#.#.#.#.#..))g##################
.#.#.#.#....)## .#.#.#.#..)Y#
#.#.#.#.....# .#.#.#.#...†#
.#.#.#.#....Y# .#.#.#.#.#....#


You could see a brown ugly thing (very poisoned, rooted), a yak, 2 trolls, a
gargoyle, a gnoll sergeant and a centaur (very poisoned, rooted).

Vanquished Creatures
  A boulder beetle (D:10)
  3 two-headed ogres
  3 death yaks (D:9)
  An orange crystal statue (D:8)
  Maurice (D:10)
  A gargoyle (D:11)
  2 trolls
  2 wraiths
  Sigmund (D:4)
  A shadow (D:11)
  6 yaks
  A vampire (D:10)
  A steam dragon (D:9)
  Menkaure (D:5)
  Duvessa (D:7)
  2 water moccasins
  A sky beast (D:8)
  A black bear (D:5)
  An ogre (D:7)
  A boggart (D:10)
  3 centaurs
  2 necrophages
  4 bullfrogs
  A kobold brigand (D:9)
  A gnoll sergeant (D:10)
  3 scorpions
  5 wights
  Dowan (D:7)
  9 killer bees
  3 howler monkeys (D:10)
  3 lava snakes (D:8)
  3 hounds
  3 orc priests
  3 gnoll boudas
  4 iguanas
  Jessica (D:3)
  Natasha (thrice) (D:4)
  3 hexers
  4 orc wizards
  Robin (D:4)
  14 adders
  2 ancestors (D:7)
  12 gnolls
  A river rat (D:9)
  2 shadow imps
  A white imp (D:6)
  An ufetubus (D:5)
  4 worms
  A dart slug (D:4)
  14 orcs
  5 bats
  8 endoplasms
  4 giant cockroaches
  7 goblins
  13 hobgoblins
  2 jackals (D:2)
  7 kobolds
  3 quokkas
  7 ball pythons
  3 frilled lizards
  9 rats
  A butterfly (D:5)
213 creatures vanquished.

Notes
Turn   | Place    | Note
-------+----------+-------------------------------------------
     0 | D:1      | jfcaron the Gnoll Brigand began the quest for the Orb.
     0 | D:1      | Reached XP level 1. HP: 20/20 MP: 1/1
   307 | D:1      | Reached XP level 2. HP: 25/26 MP: 2/2
   757 | D:1      | Reached XP level 3. HP: 25/31 MP: 3/3
   844 | D:2      | Reached skill level 1 in Invocations
   855 | D:2      | Identified the +5 dagger "Tormentor" {spect, Dex+4}
   932 | D:2      | Identified the +2 mace of Melee {freeze, Int+2}
  1305 | D:2      | Identified the +0 chain mail of the Dwarven Hall {rF++
                  | Will+ Str-4}
  1696 | D:2      | Reached skill level 1 in Long Blades
  1696 | D:2      | Reached skill level 1 in Axes
  1696 | D:2      | Reached skill level 1 in Maces & Flails
  1696 | D:2      | Reached skill level 1 in Polearms
  1696 | D:2      | Reached skill level 1 in Staves
  1696 | D:2      | Reached skill level 1 in Ranged Weapons
  1696 | D:2      | Reached skill level 1 in Armour
  1696 | D:2      | Reached skill level 1 in Shields
  1696 | D:2      | Reached skill level 1 in Unarmed Combat
  1696 | D:2      | Reached skill level 1 in Spellcasting
  1696 | D:2      | Reached skill level 1 in Evocations
  1833 | D:3      | Reached XP level 4. HP: 38/38 MP: 5/5
  1844 | D:3      | Reached skill level 1 in Conjurations
  1844 | D:3      | Reached skill level 1 in Hexes
  1844 | D:3      | Reached skill level 1 in Summonings
  1844 | D:3      | Reached skill level 1 in Necromancy
  1844 | D:3      | Reached skill level 1 in Translocations
  1844 | D:3      | Reached skill level 1 in Transmutations
  1844 | D:3      | Reached skill level 1 in Fire Magic
  1844 | D:3      | Reached skill level 1 in Ice Magic
  1844 | D:3      | Reached skill level 1 in Air Magic
  1844 | D:3      | Reached skill level 1 in Earth Magic
  1844 | D:3      | Reached skill level 1 in Poison Magic
  2034 | D:3      | Noticed a bullfrog
  2035 | D:3      | Reached XP level 5. HP: 37/43 MP: 5/7
  2036 | D:3      | Noticed Jessica
  2038 | D:3      | Reached skill level 8 in Stealth
  2043 | D:3      | HP: 6/43 [orc priest/+0 hand axe (7)]
  2043 | D:3      | HP: 1/43 [orc/+0 whip (5)]
  2357 | D:3      | Killed Jessica
  2358 | D:3      | Reached XP level 6. HP: 41/50 MP: 8/8
  2368 | D:3      | Reached skill level 5 in Fighting
  2368 | D:3      | Reached skill level 5 in Short Blades
  2368 | D:3      | Reached skill level 5 in Throwing
  2783 | D:4      | Noticed Robin
  2796 | D:4      | Killed Robin
  2990 | D:4      | Reached XP level 7. HP: 56/56 MP: 10/10
  2995 | D:4      | Identified the +4 flail of the Girdle {freeze, *Corrode
                  | rF++ Dex+4}
  3038 | D:4      | Noticed Sigmund
  3048 | D:4      | Killed Sigmund
  3095 | D:4      | Noticed Natasha
  3105 | D:4      | Killed Natasha
  3553 | D:4      | Noticed Natasha
  3557 | D:4      | Killed Natasha
  3954 | D:4      | Noticed Natasha
  3961 | D:4      | Killed Natasha
  3984 | D:5      | Entered Level 5 of the Dungeon
  4123 | D:5      | Reached XP level 8. HP: 63/63 MP: 12/12
  4183 | D:5      | Found a staircase to the Ecumenical Temple.
  4193 | Temple   | Entered the Ecumenical Temple
  4384 | Temple   | Became a worshipper of Hepliaklqana the Forgotten
  4800 | D:5      | Reached * piety under Hepliaklqana
  4988 | D:5      | Noticed Menkaure
  4995 | D:5      | Killed Menkaure
  5685 | D:7      | Noticed Duvessa
  5689 | D:7      | Noticed Dowan
  5711 | D:7      | Killed Duvessa
  5712 | D:7      | Reached XP level 9. HP: 16/60 MP: 13/15
  6005 | D:7      | Killed Dowan
  6037 | D:7      | Reached skill level 5 in Dodging
  6111 | D:7      | Noticed a troll
  6113 | D:7      | Killed a troll
  6114 | D:7      | Reached skill level 9 in Stealth
  6437 | D:8      | Reached skill level 5 in Invocations
  6517 | D:8      | Reached ** piety under Hepliaklqana
  6518 | D:8      | Remembered your ancestor Marduk-asir as a hexer
  6791 | D:8      | Noticed an orange crystal statue
  7298 | D:8      | Killed an orange crystal statue
  7299 | D:8      | Reached skill level 5 in Long Blades
  7299 | D:8      | Reached skill level 5 in Axes
  7299 | D:8      | Reached skill level 5 in Maces & Flails
  7299 | D:8      | Reached skill level 5 in Polearms
  7299 | D:8      | Reached skill level 5 in Staves
  7299 | D:8      | Reached skill level 5 in Ranged Weapons
  7299 | D:8      | Reached skill level 5 in Armour
  7299 | D:8      | Reached skill level 5 in Shields
  7299 | D:8      | Reached skill level 5 in Unarmed Combat
  7299 | D:8      | Reached skill level 5 in Spellcasting
  7299 | D:8      | Reached skill level 5 in Evocations
  7299 | D:8      | Reached XP level 10. HP: 69/69 MP: 0/17
  7701 | D:9      | Identified the +4 falchion "Zuyvva" {venom, rC++ Dex+4
                  | SInv}
  7773 | D:9      | Noticed an eight-headed hydra
  7810 | D:9      | Noticed a two-headed ogre
  7826 | D:9      | Killed a two-headed ogre
  7864 | D:9      | Found a runed translucent gate.
  7864 | D:9      | Found a runed translucent gate.
  7864 | D:9      | Noticed SirDiesAlot's ghost (journeyman DEVM)
  7865 | D:9      | Found a runed translucent gate.
  7879 | D:9      | Noticed a death yak
  7879 | D:9      | Noticed a death yak
  7900 | D:9      | Noticed a death yak
  7902 | D:9      | Killed a death yak
  7909 | D:9      | Killed a death yak
  7919 | D:9      | Killed a death yak
  7920 | D:9      | Reached skill level 5 in Conjurations
  7920 | D:9      | Reached skill level 5 in Hexes
  7920 | D:9      | Reached skill level 5 in Summonings
  7920 | D:9      | Reached skill level 5 in Necromancy
  7920 | D:9      | Reached skill level 5 in Translocations
  7920 | D:9      | Reached skill level 5 in Transmutations
  7920 | D:9      | Reached skill level 5 in Fire Magic
  7920 | D:9      | Reached skill level 5 in Ice Magic
  7920 | D:9      | Reached skill level 5 in Air Magic
  7920 | D:9      | Reached skill level 5 in Earth Magic
  7920 | D:9      | Reached skill level 5 in Poison Magic
  7920 | D:9      | Reached XP level 11. HP: 48/76 MP: 18/20
  7964 | D:9      | Found a staircase to the Lair.
  8250 | D:10     | Entered Level 10 of the Dungeon
  8257 | D:10     | Reached skill level 10 in Stealth
  8283 | D:10     | Noticed a two-headed ogre
  8286 | D:10     | Noticed Maurice
  8287 | D:10     | Found a staircase to the Orcish Mines.
  8291 | D:10     | Killed a two-headed ogre
  8303 | D:10     | Killed Maurice
  8368 | D:10     | Reached *** piety under Hepliaklqana
  8368 | D:10     | Found a burning altar of Makhleb.
  8369 | D:10     | Found a snail-covered altar of Cheibriados.
  8370 | D:10     | You fall into a shaft and drop 1 floor!
  8656 | D:10     | Noticed a boulder beetle
  8675 | D:10     | Killed a boulder beetle
  8675 | D:10     | Noticed a two-headed ogre
  8676 | D:10     | Noticed a brown ugly thing
  8681 | D:10     | Identified a scroll of acquirement
  8690 | D:10     | Killed a two-headed ogre
  8692 | D:10     | HP: 4/77 [brown ugly thing (12)]
  8692 | D:10     | Splashed by a brown ugly thing's acid

Illustrated notes

Levels and vault maps discovered:
D:1:      sevenhm_arrival_forest_fort_large_2, layout_basic
D:2:      layout_basic, chequers_serial_rivers_marsh, kennysheep_generic_room_4
D:3:      minmay_door_path, layout_rooms, hangedman_decor_slide_cut,
          uniq_jessica
D:4:      layout_loops_corners, serial_rivers, chequers_serial_rivers_micro_e,
          chequers_serial_rivers_small_b, chequers_serial_rivers_small_a,
          chequers_serial_rivers_room_a, chequers_arboretum, uniq_natasha,
          uniq_sigmund, uniq_robin
D:5:      layout_cave_pods, minmay_temple_entry_butterflies, uniq_menkaure
D:6:      layout_rooms
D:7:      layout_basic, uniq_duvessa
D:8:      layout_basic, disabler_island
D:9:      kennysheep_blocky_hall, layout_basic, dpeg_lair_monsters,
          ebering_ghost_rock_garden, hex_tiny, chequers_serial_rivers_room_b,
          evilmike_minifort
D:10:     nzn_winding_woodlands_stair_cross [nzn_winding_woodlands_5x15_default,
          nzn_winding_woodlands_center_triple_pond,
          nzn_winding_woodlands_5x15_parted,
          nzn_winding_woodlands_5x5_checkerboard,
          nzn_winding_woodlands_5x5_three, nzn_winding_woodlands_5x15_jagged,
          nzn_winding_woodlands_center_lodge,
          nzn_winding_woodlands_5x15_concentric], layout_basic,
          grunt_temple_overflow_open, orc_0_dummy,
          minmay_hollow_rounded_squares, uniq_maurice
D:11:     minmay_the_grid_octo_triangle [minmay_the_grid_octo_thin_diamonds,
          minmay_the_grid_octo_prize_single_spiral,
          minmay_the_grid_octo_tetromino_candy], layout_irregular_city
Temple:   nicolae_temple_slightly_damp_pantheon

Skill      XL: |  1  2  3  4  5  6  7  8  9 10 11 |
---------------+----------------------------------+-----
Invocations    | 1 2 3 4 5 6 7 |  7.4
Long Blades    | 1 2 3 4 5 6 |  6.7
Axes           | 1 2 3 4 5 6 |  6.7
Maces & Flails | 1 2 3 4 5 6 |  6.7
Polearms       | 1 2 3 4 5 6 |  6.7
Staves         | 1 2 3 4 5 6 |  6.7
Ranged Weapons | 1 2 3 4 5 6 |  6.7
Armour         | 1 2 3 4 5 6 |  6.7
Shields        | 1 2 3 4 5 6 |  6.7
Unarmed Combat | 1 2 3 4 5 6 |  6.7
Spellcasting   | 1 2 3 4 5 6 |  6.7
Evocations     | 1 2 3 4 5 6 |  6.7
Conjurations   | 1 2 3 4 5 |  5.6
Hexes          | 1 2 3 4 5 |  5.6
Summonings     | 1 2 3 4 5 |  5.6
Necromancy     | 1 2 3 4 5 |  5.6
Translocations | 1 2 3 4 5 |  5.6
Transmutations | 1 2 3 4 5 |  5.6
Fire Magic     | 1 2 3 4 5 |  5.6
Ice Magic      | 1 2 3 4 5 |  5.6
Air Magic      | 1 2 3 4 5 |  5.6
Earth Magic    | 1 2 3 4 5 |  5.6
Poison Magic   | 1 2 3 4 5 |  5.6
Dodging        | 3 4 5 6 7 |  7.3
Stealth        | 8 9 10 | 10.3
Fighting       | 5 6 7 8 |  8.2
Short Blades   | 5 6 7 8 |  8.2
Throwing       | 5 6 7 8 |  8.2

Action                   |  1- 3 |  4- 6 |  7- 9 | 10-12 || total
-------------------------+-------+-------+-------+-------++-------
Melee: Dagger            |    63 |    75 |   153 |   141 ||   432
       Bite              |     9 |    10 |    19 |    26 ||    64
       Unarmed           |       |       |     5 |       ||     5
       Falchion          |       |       |       |    21 ||    21
Throw: Dart              |    43 |    18 |     8 |    10 ||    79
       Stone             |       |    29 |    37 |    14 ||    80
       Javelin           |       |       |    18 |       ||    18
       Boomerang         |       |       |    70 |       ||    70
Invok: Ancestor Life: He |       |       |     1 |       ||     1
       Recall Ancestor   |       |       |       |     1 ||     1
Evoke: Wand              |       |       |    14 |    19 ||    33
  Use: Scroll            |     3 |     2 |    11 |     2 ||    18
       Potion            |       |     1 |     2 |     1 ||     4
 Stab: Sleeping          |       |     2 |     3 |     4 ||     9
       Distracted        |       |     1 |     2 |     5 ||     8
       Confused          |       |       |       |     8 ||     8
Armor: Robe              |    10 |     5 |       |       ||    15
       Ring mail         |       |    17 |    70 |    15 ||   102
       Steam dragon scal |       |       |       |    34 ||    34
Dodge: Dodged            |    34 |    34 |    94 |    90 ||   252
Block: Buckler           |    11 |    10 |    41 |    39 ||   101

Table legend: (Time is in decaauts)
 A = Elapsed time spent in this place.
 B = Non-inter-level travel time spent in this place.
 C = Inter-level travel time spent in this place.
 D = Time resting spent in this place.
 E = Time spent auto-exploring this place.
 F = Levels seen in this place.
 G = Mean time per level.
                   A        B        C        D        E       F      G
               +--------+--------+--------+--------+--------+-----+--------+
         Total |   8561 |   8024 |    537 |    692 |   5655 |  12 |  713.4 |
       Dungeon |   8355 |   7858 |    497 |    692 |   5511 |  11 |  759.5 |
        Temple |    205 |    165 |     40 |      0 |    144 |   1 |  205.0 |
               +--------+--------+--------+--------+--------+-----+--------+

Top non-repeatable levels by time:
     D:4: 1327 daAuts
     D:2: 1023 daAuts
     D:8: 991 daAuts
     D:3: 941 daAuts
     D:5: 933 daAuts
     D:9: 832 daAuts
     D:1: 773 daAuts
     D:7: 746 daAuts
     D:6: 391 daAuts
    D:10: 275 daAuts
  Temple: 205 daAuts
    D:11: 120 daAuts

Table legend:
 A = Kills in this place as a percentage of kills in entire the game.
 B = Kills by you in this place as a percentage of kills by you in the entire game.
 C = Kills by friends in this place as a percentage of kills by friends in the entire game.
 D = Other kills in this place as a percentage of other kills in the entire game.
 E = Experience gained in this place as a percentage of experience gained in the entire game.
 F = Experience gained in this place divided by the number of levels of this place that you have seen.
                   A       B       C       D       E      F
               +-------+-------+-------+-------+-------+----------------------
         Total | 100.0 | 100.0 | 100.0 | 100.0 | 100.0 | 1291.3
       Dungeon | 100.0 | 100.0 | 100.0 | 100.0 | 100.0 | 1408.7
               +-------+-------+-------+-------+-------+----------------------
